[Event "Israeli Women Championship 2022"]
[Site "Yosiah Arad"]
[Date "2022.12.06"]
[Round "2.4"]
[White "Orian, Noga"]
[Black "Tashkinova, Sofiia"]
[Result "0-1"]
[ECO "E12"]
[WhiteElo "1947"]
[BlackElo "2006"]
[Annotator "TA"]
[PlyCount "140"]
[EventDate "2022.12.05"]
[EventType "tourn"]
[EventCountry "ISR"]
[SourceTitle "playchess.com"]
[Source "ChessBase"]
[SourceQuality "1"]
[TimeControl "40/5400+30:1800+30"]

1. d4 Nf6 2. Nf3 e6 3. c4 b6 4. a3 Bb7 5. Nc3 d5 6. cxd5 Nxd5 7. Qc2 Nxc3 8. bxc3 Be7 9. e4 O-O 10. Bd3 c5 11. O-O h6 {[%emt 0:04:32] Against d5. E12: Queen's Indian: Unusual White 4th moves, 4 a3, 4 Nc3 Bb7 5 a3 and 4 Nc3 Bb7 .} 12. Rd1 Qc7 {[%emt 0:04:08] Inhibits d5.} 13. d5 c4 {[%emt 0:08:05] The position is equal.} 14. Bf1 (14. Be2 $5 ) 14... exd5 15. exd5 {[%emt 0:00:03] [#]} Bf6 $146 {[%emt 0:00:54] Against Rd4} ({Predecessor:} 15... Nd7 16. Rd4 Bc5 17. Bf4 Qc8 18. Rd2 Rd8 19. Re1 Nf6 20. Be5 Nxd5 21. Bxc4 Ne7 22. Rxd8+ Qxd8 23. Bg3 Bxf3 {½-½ (23) Tassone,R (2039)-Maguire,G ICCF email 2014}) 16. Be3 Nd7 17. Qf5 Rfd8 ({Don't play} 17... Bxc3 18. Rac1 Bb2 19. d6 $16 (19. Rxc4 Qd8 $16)) 18. Bf4 {[%emt 0:36:16] Against Ne5} (18. Rac1 {simplifies} Nf8 19. g3 Qd7 20. Qxd7 Rxd7 21. Bxc4 Rad8 22. Bb3) 18... Qc5 (18... Qc8 $5) 19. Qg4 (19. Be3 $11 {remains equal.} Qa5 20. Bxc4) 19... Bxd5 20. Bxh6 Be6 21. Qg3 Ne5 (21... Bxc3 $17 22. Be3 Qf8) 22. Be3 Nxf3+ 23. Qxf3 Qa5 (23... Qf8 $5 24. Rdc1 Qe7 $15) 24. Bd4 Bxd4 25. Rxd4 Rac8 {[%emt 0:01:34] Hoping for ...Rxd4.} 26. Qe3 (26. Rh4 {seems wilder.} Qg5 27. g3 Bd5 28. Qe2) 26... Rxd4 27. Qxd4 Qc5 {[%emt 0:01:19] White must now prevent ...Qxd4.} 28. Qd2 Qe7 29. a4 Rc5 30. Rb1 Qd7 31. Qxd7 Bxd7 $15 {[%emt 0:00:05][%mdl 4096] Endgame KRB-KRB} 32. Rb4 b5 (32... Kf8 $15) 33. axb5 $11 Bxb5 34. f4 a5 35. Rb2 Ba4 36. Rb8+ Kh7 37. Kf2 Bb3 38. Bd3+ g6 {[%emt 0:00:48] [#] Strongly threatening ...a4.} 39. Be4 a4 {[%emt 0:01:06] ...Ra5 is the strong threat.} 40. Ra8 {[%emt 0:00:10] Against Ra5} Rc7 {[%emt 0:01:10] Inhibits Ra7.} 41. Ke3 Kg7 ({Black should play} 41... f5 $11 42. Bf3 Rd7) 42. Ra5 (42. Kd4 $14) 42... Rd7 $1 43. Bc6 Rd3+ 44. Ke4 Bd1 45. h3 $2 {[%emt 0:00:00] Prevents Bg4.} (45. Ra7 $11) 45... Rxc3 $17 {[%emt 0:00:00] aiming for ...Rg3.} 46. Bxa4 $2 {[%emt 0:00:00][%mdl 8192] This move loses the game for White.} (46. Bd5 $17) 46... Ra3 $19 47. Bxd1 Rxa5 {[%emt 0:00:00] KR-KB} 48. Kd4 Ra2 {[%emt 0:00:00] [#] ( -> ...Rd2+)} 49. Bf3 Kf6 {[%emt 0:00:00][%cal Oc4c3] And now ...c3! would win.} 50. Kxc4 (50. Be4 $142 Re2 51. Bd5) 50... Kf5 51. Kd5 Kxf4 {[%emt 0:00:00] Black mates.} 52. Kd6 f5 53. Ke6 Ra6+ 54. Kd5 g5 55. Kc5 Re6 56. Kd4 Rd6+ 57. Kc3 Ke3 58. Kc4 Rd4+ 59. Kc3 Rf4 60. Bb7 Rf2 61. Bc8 f4 62. Bb7 Ra2 63. Kb3 Ra7 64. Bf3 Rc7 65. Kb2 Kf2 66. Ba8 Kg3 67. Bf3 Re7 68. Kc1 Re3 69. Ba8 Re2 70. Kd1 Rxg2 {[%emt 0:00:00] Weighted Error Value: White=0.51/Black=0.10 (very precise)} 0-1

[Event "Israeli Women Championship 2022"]
[Site "Yosiah Arad"]
[Date "2022.12.06"]
[Round "2.5"]
[White "Levitan, Ronit"]
[Black "Kluchik, Julia"]
[Result "1-0"]
[ECO "B13"]
[WhiteElo "1989"]
[BlackElo "1887"]
[Annotator "TA"]
[PlyCount "97"]
[EventDate "2022.12.05"]
[EventType "tourn"]
[EventCountry "ISR"]
[SourceTitle "playchess.com"]
[Source "ChessBase"]
[SourceQuality "1"]
[TimeControl "40/5400+30:1800+30"]

1. e4 c6 2. d4 d5 3. exd5 cxd5 4. Bd3 Nc6 5. c3 Qc7 6. h3 g6 7. Nf3 {[%emt 0:00:44] B13: Caro-Kann: Exchange Variation and Panov-Botvinnik Attack.} Bf5 8. Be2 {[%emt 0:00:33] is now debated instead of 8.0-0.} Bg7 9. O-O {[%emt 0:00:12] The position is equal.} Nf6 10. Be3 O-O 11. Nbd2 Rfe8 {[%emt 0:03:38] [#]} 12. Qc1 $146 ({Predecessor:} 12. Re1 a6 13. Nf1 Ne4 14. N3d2 e5 15. dxe5 Nxe5 16. Bd4 Bh6 17. Nf3 Nc4 18. Bxc4 dxc4 {½-½ (54) Salgado Lopez,I (2605)-Dreev,A (2677) Moscow 2019}) 12... Rad8 13. Nb3 Ne4 14. Bh6 Bh8 15. Bf4 (15. Re1 {with more complications.} a6 16. Bd3 e5 17. dxe5 Nxe5 18. Bf4) 15... Qc8 16. Nbd2 a6 17. Re1 b5 18. Nxe4 Bxe4 19. Nd2 e5 20. dxe5 Bxe5 21. Bxe5 (21. Nb3 {simplifies} Bxf4 22. Qxf4 Qf5 23. Qxf5 Bxf5 24. Bf3) 21... Nxe5 22. Nb3 (22. Bf1 {simplifies} Bf5 23. Nb3 Nc4 24. Rxe8+ Rxe8 25. a4) 22... Qf5 (22... Bd3 {simplifies} 23. Nd4 Bxe2 24. Rxe2 Qd7) 23. Nd4 Qf6 24. a4 Nd3 {[%emt 0:02:32] Loses the game.} (24... Nc6 $14) 25. Bxd3 $18 Bxd3 26. Qd2 Be4 27. axb5 axb5 28. Nxb5 Rb8 29. Nd4 g5 30. f3 Bf5 31. Rxe8+ Rxe8 32. Re1 Rb8 33. b4 Bd7 34. Qa2 Qd6 35. Qe2 Rc8 36. Qe5 {[%emt 0:03:36] Prevents h6.} Qxe5 37. Rxe5 {[%emt 0:00:01][%mdl 4096] Endgame KRB-KRN} Be6 38. Rxg5+ Kf8 39. Ne2 f6 40. Rh5 Kg7 41. Rh4 Bd7 42. Rd4 ({Less strong is} 42. Nf4 Rxc3 43. Nxd5 Rd3 $18) 42... Bb5 43. Kf2 {[%emt 0:00:07] White is clearly winning.} Bxe2 (43... Bc4 $142 44. Nf4 Kf7) 44. Kxe2 Rxc3 45. Rxd5 {[%emt 0:00:00] KR-KR} Rb3 46. b5 Kg6 47. Kf2 h6 48. g4 Kf7 49. Kg3 {[%emt 0:00:00] Weighted Error Value: White=0.04 (flawless) /Black=0.28 (precise)} 1-0

[Event "Israeli Women Championship 2022"]
[Site "Yosiah Arad"]
[Date "2022.12.07"]
[Round "3.1"]
[White "Efroimski, Marsel"]
[Black "Levitan, Ronit"]
[Result "1-0"]
[ECO "C68"]
[WhiteElo "2470"]
[BlackElo "1989"]
[Annotator "TA"]
[PlyCount "105"]
[EventDate "2022.12.05"]
[EventType "tourn"]
[EventCountry "ISR"]
[SourceTitle "playchess.com"]
[Source "ChessBase"]
[SourceQuality "1"]
[TimeControl "40/5400+30:1800+30"]

1. e4 e5 2. Nf3 Nc6 3. Bb5 a6 4. Bxc6 dxc6 5. O-O Qd6 6. Na3 b5 7. c3 c5 8. Nc2 Bb7 9. Re1 {[%emt 0:00:08] C68: Ruy Lopez: Exchange Variation, sidelines.} f6 10. a4 Ne7 11. axb5 {[%emt 0:06:34] White is better.} axb5 12. Rxa8+ Bxa8 13. d4 cxd4 14. cxd4 {[%emt 0:00:11] Qe2 is the strong threat.} Ng6 {[%emt 0:00:19] [#]} 15. Qd3 $146 ({Predecessor:} 15. Bd2 Qd8 16. Qe2 Bc6 17. h4 Bd6 18. h5 Ne7 19. dxe5 fxe5 20. Bc3 O-O 21. Nxe5 {1-0 (27) Kayumov,S (2288)-Abbasi,R Teheran 2001}) 15... Qd7 {[%emt 0:13:42] [#]} 16. Qb3 $1 Bd6 17. Bd2 (17. Na3 {feels hotter.} Ke7 18. h3 Re8 19. Bd2) 17... Qf7 {[%emt 0:28:48] Inhibits h4.} (17... Bb7 $14) 18. Qxb5+ $16 c6 19. Qd3 O-O 20. dxe5 Bxe5 21. Nxe5 Nxe5 22. Qc3 Rd8 23. Bf4 Ng6 24. Bg3 Qd7 (24... Re8 $16 25. h3 h5) 25. h4 $18 Qd3 26. Qc5 Nf8 27. Na3 Ne6 28. Qe7 Qd7 29. Qxd7 {[%emt 0:01:07] White has more active pieces.} Rxd7 30. Nc4 Rd4 31. Nd6 {[%emt 0:01:44] Black must now prevent Ra1.} c5 32. f3 Bc6 33. Nf5 Rd7 {[%emt 0:00:22] Against Ne7+} 34. Nd6 Nd4 35. Kh2 Kf8 36. Nc4 Bb5 37. Nb6 Rb7 (37... Rd8 $16 38. Bc7 Nc2) 38. Bd6+ Kf7 39. Bxc5 Ne6 40. Be3 Rc7 (40... Nf4 $142 41. Rd1 Nd3) 41. Ra1 Bd3 42. Rd1 Bc2 43. Rd5 g6 44. b4 f5 45. e5 h5 (45... f4 $142) 46. Rd6 Bb3 47. b5 Rc3 48. Bg1 Nf4 49. Rd2 (49. Nd7 $142 {Hoping for b6.} Bd5 50. Nf6) 49... Ke6 $2 (49... Rd3 50. Rb2 Ke6) 50. Nd7 {[%emt 0:00:00] And now b6 would win. White is clearly winning.} Bc4 51. b6 Bd5 {[%emt 0:01:56] [#]} 52. Nc5+ (52. Rxd5 $142 $1 Nxd5 (52... Kxd5 53. b7) 53. b7 Kxd7 54. b8=Q (54. b8=B $2 {loses.} Rc2 $19)) 52... Ke7 {[%emt 0:00:09] [#]} 53. Rxd5 $1 {[%emt 0:00:00] Weighted Error Value: White=0.13 (very precise) /Black=0.37} 1-0

[Event "Israeli Women Championship 2022"]
[Site "Yosiah Arad"]
[Date "2022.12.07"]
[Round "3.2"]
[White "Shvayger, Yuliya"]
[Black "Orian, Noga"]
[Result "1-0"]
[ECO "B90"]
[WhiteElo "2350"]
[BlackElo "1947"]
[Annotator "TA"]
[PlyCount "67"]
[EventDate "2022.12.05"]
[EventType "tourn"]
[EventCountry "ISR"]
[SourceTitle "playchess.com"]
[Source "ChessBase"]
[SourceQuality "1"]
[TimeControl "40/5400+30:1800+30"]

1. e4 c5 2. Nf3 d6 3. d4 cxd4 4. Nxd4 Nf6 5. Nc3 a6 6. Bd3 e5 7. Nde2 Be7 8. O-O O-O 9. Ng3 {[%emt 0:00:15] B90: Sicilian Najdorf: Unusual White 6th moves, 6 Be3 Ng4 and 6 Be3 e5.} Be6 10. Nd5 Bxd5 11. exd5 {[%emt 0:00:05] The position is equal.} g6 12. c4 Nbd7 13. f4 {[%emt 0:01:31] [#]} b5 $146 ({Predecessor:} 13... exf4 14. Bxf4 h5 15. Qc2 Kg7 16. h3 Nc5 17. Rae1 Ng8 18. b4 Nxd3 19. Qxd3 Rc8 {0-1 (39) Chen,R (1783)-Pragnya,H (1505) Mamaia 2022}) 14. Kh1 bxc4 15. Bxc4 Nb6 {[%emt 0:00:46] Inhibits f5.} (15... exf4 $11 16. Bxf4 Ne5) 16. Bb3 $14 exf4 17. Bxf4 Rc8 (17... Nfd7 $11) 18. Bh6 $16 Re8 19. Qf3 {[%emt 0:00:03] White is more active.} (19. Qd4 $16) 19... Kh8 $14 20. Be3 Nbd7 $1 21. Bd4 $36 {[%emt 0:00:00][%mdl 2048] White is more active.} Ne5 22. Qf4 Qc7 $2 (22... Nfd7 $1 $11) 23. Rae1 (23. Rac1 $18 Qd7 24. Rxc8 Rxc8 25. Bxe5 dxe5 26. Qxe5) 23... Bd8 {[%emt 0:00:00] This costs Black the game.} (23... Nfd7 $16) 24. Ba4 $18 Nxd5 25. Qd2 (25. Qxf7 Qxf7 26. Rxf7 Re7 27. Rxe7 Bxe7 $16) 25... Qa5 26. Qd1 ({Less strong is} 26. Qxa5 Bxa5 27. Bxe8 Bxe1 $16) 26... Re7 27. Bb3 {[%emt 0:00:00] [#] aiming for Qf3.} Nb4 $2 (27... Rd7 $2 28. Bxe5+ dxe5 29. Rxe5 $18) (27... f5 {is tougher.} 28. Bxe5+ Rxe5) 28. Ne4 ({Not} 28. Rxf7 Rxf7 29. Bxf7 Nc2 $16) 28... Bc7 29. Bc3 {[%emt 0:00:00] A strong pair of Bishops.} Qb6 30. Qd2 {[%emt 0:00:00] Strongly threatening Qg5.} Nbc6 31. Nf6 {[%emt 0:00:00] [#] White wants to mate with Qh6.} Kg7 {[%emt 0:00:00] Inhibits Qh6+.} 32. Nd5 Qc5 33. Nxe7 Nxe7 34. Rxf7+ {[%emt 0:00:00] Weighted Error Value: White=0.31/Black=0.76} 1-0

[Event "Israeli Women Championship 2022"]
[Site "Yosiah Arad"]
[Date "2022.12.07"]
[Round "3.3"]
[White "Kochavi, Dana"]
[Black "Brusilovski, Lena"]
[Result "1-0"]
[ECO "B34"]
[WhiteElo "1928"]
[BlackElo "1800"]
[Annotator "TA"]
[PlyCount "113"]
[EventDate "2022.12.05"]
[EventType "tourn"]
[EventCountry "ISR"]
[SourceTitle "playchess.com"]
[Source "ChessBase"]
[SourceQuality "1"]
[TimeControl "40/5400+30:1800+30"]

1. e4 c5 2. Nf3 d6 3. d4 cxd4 4. Nxd4 Nf6 5. Nc3 g6 6. h3 Nc6 7. g3 Bg7 8. Bg2 O-O 9. Be3 Ne5 {[%emt 0:02:17] B34: Sicilian: Accelerated Dragon with 5 Nc3: sidelines.} 10. O-O (10. Qe2 $14) 10... Nc4 11. Bc1 Bd7 {[%emt 0:00:46] The position is equal.} 12. b3 Ne5 {[%emt 0:01:20] [#]} 13. Nce2 $146 ({Predecessor:} 13. Bb2 Rc8 14. Nd5 e6 15. Nxf6+ Bxf6 16. c4 a6 17. Rc1 Bg7 18. Qd2 Qe7 19. Ba3 {1-0 (67) Mamedov,R (2650)-Andriasian,Z (2594) Minsk 2015}) 13... Qc8 14. Kh2 Nc6 15. c4 a6 16. Be3 Rd8 17. Rc1 Qc7 18. Nc3 e6 {[%emt 0:03:38] Inhibits Nd5.} 19. Qd2 Rac8 20. Nde2 {[%emt 0:00:00] White is more active.} Ne7 21. Rfd1 Bc6 22. Nd4 b6 {[%emt 0:04:37] [#]} (22... Be8 $16 {might work better.}) 23. Nxc6 $1 $18 Nxc6 {[%emt 0:00:20] [#]} 24. f4 (24. Nd5 $1 $18 Qb8 25. Nxb6) 24... Qb8 25. Qf2 (25. Na4 $16) 25... Nd7 $14 26. Na4 Nc5 27. Nxc5 (27. Kg1 $14) 27... bxc5 $11 28. f5 Be5 29. Rf1 Rd7 30. h4 Nd4 31. Bh3 Re8 32. Rce1 Qd8 33. Bg5 Qc7 34. h5 gxh5 35. Kg2 f6 36. Bxf6 exf5 (36... Bxf6 37. fxe6 Rg7 38. Qxf6 $16) (36... Rf8 $1 $11 37. Bxe5 dxe5) 37. Bxf5 $14 Rf7 38. Bxe5 Nxf5 (38... Rxe5 $14 39. Bxh7+ Kg7) 39. exf5 $16 Rxe5 40. Rxe5 dxe5 $14 {[%emt 0:00:08][%mdl 4096] Endgame KQR-KQR} 41. Qf3 Qa5 (41... Qb7 $142) 42. Rf2 Qe1 $2 (42... Qb6 43. Qxh5 Qc6+ 44. Kg1 h6) 43. Re2 (43. Qxh5 Qe4+ 44. Kh2 Qd4 $18) (43. f6 $142) 43... Qb1 44. Rxe5 {[%emt 0:01:26] White wants to mate with Re8+.} Qxa2+ $2 (44... Qb2+ 45. Re2 Qf6 46. Qxh5 Re7 47. Qg4+ Kf7) 45. Kh3 (45. Re2 $142 Qa1 46. Re8+ Rf8 47. Qd5+ Kg7 48. Rxf8 Qb2+ 49. Kh3 Kxf8 50. Qd6+ Ke8 51. Qe6+ Kd8 52. f6 (52. Qxa6 Qg7 $18)) 45... Qd2 (45... Qa1 $142 46. Rxc5 Qe1) 46. Rxc5 {[%emt 0:01:39] Strongly threatening Rc8+.} Qg5 47. Rc8+ Kg7 48. Rc5 (48. Ra8 $18) 48... Qe7 $2 (48... Kg8 $1 $11 {and Black is okay.} 49. b4 Rf8) 49. Rc6 Qd7 {[%emt 0:00:28] Prevents ?nota?.} 50. Rc5 ({Less strong is} 50. g4 hxg4+ 51. Qxg4+ Kf8 52. Rxa6 Qb7 $14) ({Only move:} 50. Rxa6 $18 {aiming for Qc3+.} Rxf5 51. Qc6 Qxc6 52. Rxc6) 50... Rf6 $2 (50... Qe7 $11 51. Qxh5 Rf8) 51. Qf4 $18 {[%emt 0:03:09] Intending Rc7 and mate.} (51. Qxh5 $2 {loses.} Rh6 $19) 51... Kg8 52. Rd5 Qe7 53. c5 {[%emt 0:02:42][%cal Bc4c5,Bc5c6,Bc6c7][%mdl 32] Threatens to win with Qc4.} Rf7 54. c6 {[%emt 0:00:51] White mates.} Qf6 55. c7 Qc6 56. Rd8+ Rf8 57. Qc4+ {[%emt 0:00:07] Weighted Error Value: White=0.61/Black=0.51} (57. c8=R $2 Qh1#) 1-0

[Event "Israeli Women Championship 2022"]
[Site "Yosiah Arad"]
[Date "2022.12.07"]
[Round "3.4"]
[White "Kluchik, Julia"]
[Black "Ovechkin, Lilia"]
[Result "1/2-1/2"]
[ECO "B06"]
[WhiteElo "1887"]
[BlackElo "1680"]
[Annotator "NA RC COMBH"]
[PlyCount "110"]
[EventDate "2022.12.05"]
[EventType "tourn"]
[EventCountry "ISR"]
[SourceTitle "playchess.com"]
[Source "ChessBase"]
[SourceQuality "1"]
[TimeControl "40/5400+30:1800+30"]

1. e4 g6 2. d4 Bg7 3. Nc3 d6 4. Be3 a6 5. Qd2 b5 6. Bd3 Bb7 7. Nge2 Nd7 8. a4 c6 9. O-O b4 10. Nd1 c5 11. c3 cxd4 12. cxd4 a5 13. f4 Ngf6 14. Nf2 O-O 15. Rac1 Rc8 16. Ng3 Rxc1 17. Rxc1 Qa8 18. Rc7 Rc8 19. Qc2 Qb8 20. Rxc8+ Qxc8 21. Qxc8+ Bxc8 22. Nf1 Nb6 23. b3 d5 24. e5 Ng4 25. Bd2 Nxf2 26. Kxf2 Kf8 27. Ne3 f5 28. h3 h5 29. g4 hxg4 30. hxg4 e6 31. Kg3 Bd7 32. Be1 Be8 33. Kf3 Bc6 34. Bh4 Ke8 35. Ng2 Bf8 36. Ne1 Kd7 37. Be2 Be7 38. Bxe7 Kxe7 39. Nd3 Nd7 40. Ke3 Kf7 41. gxf5 gxf5 42. Bh5+ Ke7 43. Nc5 Nb8 44. Be2 Nd7 45. Na6 Nb6 46. Kf2 Bb7 47. Nc5 Bc6 48. Ba6 Nd7 49. Ke3 Nxc5 50. dxc5 Kd7 51. Kd4 Kc7 52. Bd3 Kd7 53. Ke3 Ke7 54. Be2 Kd7 55. Kd2 Ke7 1/2-1/2

[Event "Israeli Women Championship 2022"]
[Site "Yosiah Arad"]
[Date "2022.12.07"]
[Round "3.5"]
[White "Tashkinova, Sofiia"]
[Black "Reprun, Nadejda"]
[Result "1-0"]
[ECO "B11"]
[WhiteElo "2006"]
[BlackElo "1979"]
[Annotator "TA"]
[PlyCount "89"]
[EventDate "2022.12.05"]
[EventType "tourn"]
[EventCountry "ISR"]
[SourceTitle "playchess.com"]
[Source "ChessBase"]
[SourceQuality "1"]
[TimeControl "40/5400+30:1800+30"]

1. e4 c6 2. Nf3 d5 3. Nc3 Nf6 4. e5 Ne4 5. Ne2 e6 (5... Qb6 $1 $11 6. d4 e6) 6. d3 $14 {[%emt 0:01:40] B11: Caro-Kann: Two Knights Variation.} Nc5 {[%emt 0:04:51] [#]} 7. c3 $146 ({Predecessor:} 7. Ng3 b6 8. d4 Ncd7 9. Bg5 Be7 10. h4 Ba6 11. Nh5 g6 12. Nf4 h6 13. Bxe7 Qxe7 {½-½ (93) Naiditsch,A (2682)-Granda Zuniga,J (2667) Douglas 2015}) 7... Be7 8. b4 ({White should try} 8. h4 $14) 8... Ncd7 $11 9. d4 a5 10. Bd2 axb4 11. cxb4 b5 12. Nf4 Nb6 13. Bd3 Nc4 14. O-O Nd7 15. Nh5 (15. Bc2 {simplifies} O-O 16. Nd3 Nxd2 17. Qxd2 Ra3 18. Qc1) 15... O-O 16. Qc2 (16. Nf4 {simplifies} Ndb6 17. Bc2 Nxd2 18. Qxd2 Ra3 19. Nd3) 16... Nxd2 (16... g6 $5 17. Bxc4 dxc4 $11) 17. Bxh7+ (17. Nxd2 g6 18. Nf4 (18. Qxc6 Ra6 $17) 18... Bxb4 $17) 17... Kh8 18. Nxd2 Bxb4 19. Nf3 Nb6 $2 (19... g6 20. Bxg6 $1 fxg6 21. Qxg6 $18) (19... c5 $11) 20. Rab1 ({Better is} 20. Bd3 $1) 20... Be7 $16 21. Rb3 Nc4 22. Bd3 (22. Ne1 $1 $16) 22... b4 ({Black should play} 22... Na5 $1 $14) 23. Nd2 ({White must play} 23. Qc1 $1 $16 ) 23... Nxd2 (23... Na5 $1 $11) 24. Qxd2 Ra3 $2 (24... Bh4 $16) 25. Qe2 (25. Rxa3 $18 bxa3 26. Qe3) 25... Rxb3 (25... g6 $16 {was necessary.}) 26. Qg4 $18 Bg5 27. axb3 Bh6 28. h4 {[%emt 0:05:31] Against Qg5} (28. Qh3 $1 $18 {and White stays clearly on top.}) 28... c5 29. dxc5 Qc7 30. Qd4 {[%emt 0:04:37] White has more active pieces.} Bd7 $2 (30... Bd2 $16 {might work better.}) 31. g4 $2 (31. Qxb4 Rb8 32. Qc3 Qd8) (31. Be2 $18) 31... Bd2 $11 32. g5 {[%emt 0:03:25] And now Rd1 would win.} (32. Bb1 $5 Bc3 $8 33. Qd3 $11) 32... Bc3 $2 (32... Rd8 $1 $11 {and Black has nothing to worry.}) 33. Qg4 $1 $18 {[%emt 0:00:10][%cal Oh5f6] Strongly threatening Nf6!} Bxe5 {[%emt 0:04:52] [#]} (33... Qxc5 $2 34. Nf6 $1 g6 35. Nxd7 $18) 34. Nf6 g6 {[%emt 0:00:08] [#] Inhibits Qh5+.} 35. Nxd7 $2 ({Not} 35. Qxb4 Rc8 $16) (35. Re1 $1 $18 Be8 36. h5 (36. Qxb4 Bxf6 37. gxf6 e5 $18) 36... Bxf6 37. gxf6) 35... Qxd7 $14 36. h5 $40 {[%emt 0:00:33][%mdl 128] Black needs to defend precisely.} Kg7 37. hxg6 fxg6 38. Re1 (38. f4 $5 Bc3 39. Kg2 $14) 38... Rf5 39. Bxf5 $18 gxf5 {[%emt 0:00:18][%mdl 4096] Endgame KQR-KQB} 40. Qh4 Bc3 41. Qh6+ Kf7 42. g6+ Kg8 43. Qh7+ {[%emt 0:00:11] White mates.} Qxh7 44. gxh7+ Kxh7 45. Rxe6 {[%emt 0:00:07] Weighted Error Value: White=0.38/Black=0.55} 1-0

[Event "Israeli Women Championship 2022"]
[Site "Yosiah Arad"]
[Date "2022.12.08"]
[Round "4.1"]
[White "Efroimski, Marsel"]
[Black "Ovechkin, Lilia"]
[Result "*"]
[ECO "A45"]
[WhiteElo "2470"]
[BlackElo "1680"]
[Annotator "TA"]
[PlyCount "44"]
[EventDate "2022.12.05"]
[EventType "tourn"]
[EventCountry "ISR"]
[SourceTitle "playchess.com"]
[Source "ChessBase"]
[SourceQuality "1"]
[TimeControl "40/5400+30:1800+30"]

1. d4 Nf6 2. Bg5 Ne4 3. Bf4 d5 4. e3 c5 5. Bd3 Nf6 (5... cxd4 {simplifies} 6. Bxe4 dxe4 7. Qxd4 Qxd4 8. exd4 Nc6) 6. c3 {[%emt 0:00:40] A45: Trompowsky Attack.} Nc6 7. Nf3 Bg4 8. Nbd2 {[%emt 0:01:47] The position is equal.} (8. dxc5 $2 {too greedy.} e5 9. Bg5 e4 10. Bxe4 dxe4 11. Qxd8+ Kxd8 $19) 8... e6 9. O-O Be7 10. Rc1 O-O 11. b3 ({White should play} 11. h3 $11 Bh5 12. g4) 11... Rc8 (11... Nh5 $15 12. Bg3 Nxg3 13. fxg3 Bd6) 12. Qe1 (12. h3 $5 Bh5 13. Qe2 $11) 12... Nh5 13. Ne5 Nxf4 14. exf4 Bh5 15. Nxc6 Rxc6 16. Qe5 {[%emt 0:00:34] [#]   Weighted Error Value: White=0.17 (very precise) /Black=0.13 (very precise)} {Predecessor:} Bg6 $146 17. Bxg6 hxg6 18. Nf3 Qc7 19. Qxc7 Rxc7 20. Rfd1 Rfc8 21. Rd3 c4 22. bxc4 Rxc4 {0-1 (45) Ovechkin,L (1680)-Efroimski,M (2470) Arad 2022} *

[Event "Israeli Women Championship 2022"]
[Site "Yosiah Arad"]
[Date "2022.12.08"]
[Round "4.1"]
[White "Ovechkin, Lilia"]
[Black "Efroimski, Marsel"]
[Result "0-1"]
[ECO "A45"]
[WhiteElo "1680"]
[BlackElo "2470"]
[Annotator "TA"]
[PlyCount "90"]
[EventDate "2022.12.05"]
[EventType "tourn"]
[EventCountry "ISR"]
[SourceTitle "playchess.com"]
[Source "ChessBase"]
[SourceQuality "1"]
[TimeControl "40/5400+30:1800+30"]

1. d4 Nf6 2. Bg5 Ne4 3. Bf4 d5 4. e3 c5 5. Bd3 Nf6 6. c3 {[%emt 0:00:40] A45: Trompowsky Attack.} Nc6 7. Nf3 Bg4 8. Nbd2 {[%emt 0:01:47] The position is equal.} (8. dxc5 $2 e5 9. Bg5 e4 10. Bxe4 dxe4 11. Qxd8+ Kxd8 $19) 8... e6 9. O-O Be7 {[%emt 0:00:03] [#]} 10. Rc1 $146 (10. Qb3 $5 Qb6 11. dxc5 Bxc5 12. Qc2 $11) ({Predecessor:} 10. Qb1 Bxf3 11. Nxf3 O-O 12. Ne5 g6 13. Rd1 Nxe5 14. Bxe5 Bd6 15. Bg3 Bxg3 16. hxg3 {1-0 (76) Petkov,M (2409)-Martinez Alcantara,J (2620) Chess.com INT 2020}) 10... O-O 11. b3 (11. h3 $11 Bh5 12. g4) 11... Rc8 (11... Nh5 $15) 12. Qe1 (12. h3 $5 Bh5 13. Qe2 $11) 12... Nh5 13. Ne5 Nxf4 14. exf4 Bh5 15. Nxc6 (15. dxc5 {looks sharper.} Bxc5 16. b4 Bb6 17. a4) 15... Rxc6 16. Qe5 Bg6 (16... g6 {is interesting.} 17. dxc5 Bxc5 18. b4 Bd6) 17. Bxg6 hxg6 18. Nf3 Qc7 (18... Qb6 $15) 19. Qxc7 $1 $11 Rxc7 20. Rfd1 (20. c4 $1 $11) 20... Rfc8 $17 21. Rd3 c4 22. bxc4 Rxc4 23. Nd2 R4c6 24. Kf1 b5 25. Ke2 (25. Rb1 $142) 25... b4 26. Nb1 Bf6 27. Ke3 Rc4 28. g4 Bd8 {[%emt 0:01:23] Black is more active.} 29. Nd2 R4c6 30. Nb3 Bb6 {[%emt 0:00:50] Inhibits Nc5.} ({And not} 30... Rxc3 31. Rdxc3 bxc3 32. Nc5 $17) 31. Kd2 Rc4 (31... Bc7 $17 32. Rf3 bxc3+ 33. Ke2 c2) 32. cxb4 $11 Rxc1 {[%emt 0:02:30][%mdl 64] [#] Remove Defender} 33. Nxc1 {[%emt 0:00:04][%mdl 4096] Endgame Black must now prevent Rc3. KRB-KRN} Rc4 34. Nb3 (34. Rb3 $11 {might be stronger.}) 34... Rxb4 $15 35. Kc3 (35. Nc5 $17 {was called for.}) 35... Rc4+ 36. Kb2 a5 37. Ka3 Bc7 38. h3 (38. Kb2 $17 {was worth a try.}) 38... a4 (38... Bxf4 39. Nxa5 Bd6+ 40. Kb2 Rb4+ 41. Nb3 $15) 39. Nd2 Rc2 {[%emt 0:00:16] And now ...Bd6+ would win.} 40. Kxa4 (40. f5 $17) 40... Bxf4 $19 ({Stronger than} 40... Rxa2+ 41. Kb3 Ra1 42. Kb2 $17) 41. Nb3 Rxa2+ ({Worse is} 41... Rxf2 42. a3 $17) 42. Kb4 Rxf2 43. Rc3 Bd2 44. Nxd2 Rxd2 45. Rc8+ $2 {[%emt 0:01:17] [#]} (45. Kc5) 45... Kh7 {[%emt 0:00:17] Weighted Error Value: White=0.31/Black=0.19 (very precise)} 0-1